AoeStats
← BuRiB//TPXVII

Black Forest

510211103Analyzed
3v3 RM · 3d ago on Sep 30, 2026· 48m 58s· 6 players
Game mode
Random Map
Map size
Normal (6 player)
Population
200
Speed
Normal
Resources
Standard
Victory
Conquest
Starting age
Dark Age
Ending age
Imperial Age
RankedLock teamsTeams togetherTeam positionsShared explorationLock speedFull tech treeHidden civsTurbo modeCheats
Victory
Defeat
🇨🇦 Poles · Canada
756
+14
🇲🇽 Italians · Mexico
750
+14
🇧🇷 Huns · Brazil
622
+20
🇺🇸 Turks · United States
766
-18
🇺🇸 Spanish · United States
701
-16
🇺🇸 Bohemians · United States
670
-14
BuRiB//TPXVII
0:27 Loom
16:34 Feudal Age
21:38 Man-at-Arms
22:32 Forging
22:51 Scale Mail Armor
25:10 Arson
28:58 Fletching
30:28 Horse Collar
30:39 Double-Bit Axe
33:52 Castle Age
36:14 Bow Saw
37:01 Gold Mining
37:29 Caravan
38:53 Fortified Wall
40:15 Wheelbarrow
39:33 Town Watch
42:41 Hand Cart
49:46 Imperial Age
BuRiB// FiFty
0:53 Loom
15:23 Feudal Age
15:52 Town Watch
16:10 Double-Bit Axe
16:35 Man-at-Arms
18:22 Town Watch
18:20 Horse Collar
20:23 Wheelbarrow
26:38 Castle Age
27:07 Forging
26:58 Scale Mail Armor
26:59 Padded Archer Armor
27:02 Fletching
27:22 Squires
28:08 Bow Saw
28:40 Heavy Plow
31:19 Iron Casting
30:35 Arson
30:25 Long Swordsman
30:40 Pikeman
33:03 Leather Archer Armor
34:54 Chain Mail Armor
35:52 Bodkin Arrow
41:00 Imperial Age
40:46 Masonry
41:32 Halberdier
44:22 Hand Cart
46:59 Plate Mail Armor
BuRiB//MaizerPhaser
2:48 Loom
19:32 Feudal Age
23:28 Castle Age
23:10 Wheelbarrow
23:28 Double-Bit Axe
25:22 Bow Saw
25:44 Gold Mining
26:33 Caravan
29:08 Horse Collar
31:15 Hand Cart
39:55 Imperial Age
37:42 Stone Mining
38:56 Fortified Wall
39:43 Masonry
41:39 Fletching
41:50 Murder Holes
44:20 Sanctity
44:21 Fervor
44:30 Block Printing
44:45 Illumination
44:21 Devotion
45:38 Redemption
48:30 Theocracy
48:21 Faith
thomasvienneau360
2:16 Loom
14:11 Feudal Age
19:33 Double-Bit Axe
22:04 Horse Collar
22:24 Stone Mining
23:02 Man-at-Arms
30:05 Wheelbarrow
31:31 Castle Age
30:35 Forging
30:26 Scale Mail Armor
30:17 Fletching
33:52 Padded Archer Armor
33:59 Scale Barding Armor
34:31 Iron Casting
35:19 Crossbowman
35:19 Elite Skirmisher
36:21 Gold Mining
38:52 Chain Mail Armor
38:32 Light Cavalry
41:34 Fervor
41:54 Sanctity
41:57 Bodkin Arrow
44:59 Hand Cart
44:30 Town Watch
45:47 Chain Barding Armor
45:42 Leather Archer Armor
50:23 Imperial Age
Æthelred
0:33 Loom
11:14 Feudal Age
11:43 Double-Bit Axe
11:51 Horse Collar
22:25 Castle Age
23:22 Bloodlines
23:59 Heavy Plow
25:36 Husbandry
26:13 Gold Mining
26:36 Bow Saw
26:40 Stone Mining
28:24 Scale Barding Armor
30:09 Chain Barding Armor
30:30 Gold Shaft Mining
32:09 Marauders
36:23 Imperial Age
36:29 Imperial Age
35:56 Ballistics
35:33 Murder Holes
38:00 Conscription
37:03 Elite Tarkan
38:23 Masonry
40:48 Caravan
KcoasRaulMx
0:35 Loom
13:23 Feudal Age
13:50 Horse Collar
13:57 Double-Bit Axe
18:47 Fishing Lines
24:43 Forging
24:01 Man-at-Arms
25:21 Fletching
28:15 Castle Age
30:05 Scale Barding Armor
30:09 Stone Mining
30:09 Gold Mining
30:33 Bow Saw
31:23 Gillnets
32:14 Chain Barding Armor
32:20 Thumb Ring
33:17 Stone Shaft Mining
32:47 Heavy Plow
33:06 Treadmill Crane
33:23 Long Swordsman
33:23 Pikeman
34:03 Squires
34:21 Scale Mail Armor
35:27 Fervor
36:57 Ballistics
37:09 Caravan
38:37 Wheelbarrow
37:43 Crossbowman
38:57 Clinker Construction
39:31 Town Watch
40:20 Hand Cart
43:39 Imperial Age
41:15 Padded Archer Armor
41:52 Silk Road
41:39 Elite Skirmisher
42:35 Masonry
43:20 Chain Mail Armor
43:40 Iron Casting
43:37 Light Cavalry
44:27 Bloodlines
44:18 Husbandry
45:21 Chemistry
44:44 Conscription
43:59 Two-Handed Swordsman
45:28 Plate Mail Armor
44:26 Capped Ram
45:31 Town Patrol
47:06 Blast Furnace
47:37 Pirotechnia
47:45 Devotion
Connection lost

Rejoining the realm…

Still unreachable

The connection could not be restored.

Session expired

The server has moved on; the page needs a fresh start.